 Dungeon Crawl Stone Soup version 0.19.0 (webtiles) character file.

105 Quirk the Covered (level 4, 0/40 HPs)
             Began as a Minotaur Fighter on Nov 2, 2016.
             Was an Initiate of Okawaru.
             Slain by a river rat (2 damage)
             ... in a sewer.
             The game lasted 00:02:53 (1315 turns).

Quirk the Covered (Minotaur Fighter)                Turns: 1315, Time: 00:02:53

Health: 0/40       AC:  9    Str: 26    XL:     4   Next: 53%
Magic:  3/3        EV:  8    Int:  5    God:    Okawaru [......]
Gold:   154        SH: 10    Dex: 10    Spells: 0 memorised, 3 levels left

rFire  x . .     SeeInvis .     a - +0 war axe
rCold  + . .     Gourm    .     b - +0 scale mail
rNeg   . . .     Faith    .     c - +0 shield
rPois  .         Spirit   .     (helmet restricted)
rElec  .         Reflect  .     j - +0 cloak
rCorr  .         Harm     .     n - +0 pair of gloves
MR     .....                    (no boots)
Stlth  ..........               (no amulet)
                                (no ring)
                                v - ring of ice

@: mighty
A: retaliatory headbutt, horns 2
a: Renounce Religion


You were in a sewer.
You worshipped Okawaru.
Okawaru was noncommittal.
You were hungry.

You visited 1 branch of the dungeon, and saw 3 of its levels.
You also visited: Sewer.

You collected 154 gold pieces.

Inventory:

Hand Weapons
 a - a +0 war axe (weapon)
 k - a +1 spear of venom
Missiles
 w - a throwing net (quivered)
Armour
 b - a +0 scale mail (worn)
 c - a +0 shield (worn)
 j - a +0 cloak (worn)
 n - a +0 pair of gloves (worn)
Jewellery
 v - a ring of ice (left hand)
Scrolls
 g - 3 scrolls of remove curse {unknown}
 h - 2 scrolls of identify {unknown}
 m - 2 scrolls of enchant weapon {unknown}
 o - 2 scrolls of amnesia {unknown}
 q - a scroll of random uselessness {unknown}
 t - a scroll of teleportation {unknown}
 u - a scroll of enchant armour {unknown}
Potions
 e - a potion of invisibility {unknown}
 i - 2 potions of curing {unknown}
 s - 2 potions of cancellation {unknown}
 x - a potion of brilliance {unknown}
Comestibles
 f - 2 bread rations
 l - a slice of pizza
 p - a meat ration
 r - 3 fruits
 z - a chunk of flesh


   Skills:
 + Level 4.3 Fighting
 + Level 2.9 Axes
 + Level 4.6 Armour
 + Level 1.5 Dodging
 + Level 4.4 Shields


You had 3 spell levels left.
You didn't know any spells.

Dungeon Overview and Level Annotations

Branches:
Dungeon (3/15)

Altars:
Okawaru


Innate Abilities, Weirdness & Mutations

You reflexively headbutt those who attack you in melee.
You have a pair of horns on your head.


Message History

You furiously retaliate!
You headbutt the river rat, but do no damage.
The river rat bites you but does no damage.
You block the river rat's attack.
You closely miss the river rat. Your headbutt misses the river rat.
The river rat is heavily wounded.
You barely miss the river rat.
The river rat bites you but does no damage.
The river rat bites you.
* * * LOW HITPOINT WARNING * * *
The river rat bites you but does no damage.
You barely miss the river rat. You headbutt the river rat.
You kill the river rat!
Okawaru accepts your kill.
You completely miss the river rat. The river rat barely misses you.
Unknown command.
You barely miss the river rat.
The river rat is almost dead.
You barely miss the rat. The river rat bites you.
You die...

....##
##......#
≈.≈.#
#...≈.##
≈≈≈≈#
#≈≈≈≈≈≈#
≈†≈≈#
#≈≈≈≈≈≈#
††≈≈#
#≈≈≈≈≈≈#
≈≈≈≈#
#≈≈≈≈≈≈#
≈≈≈≈#
#≈≈≈≈≈≈#
≈≈.≈#
#≈≈≈≈≈≈#
≈≈≈≈#
#≈≈≈#r@#
≈≈≈≈#
#≈≈≈≈≈r#
≈≈≈≈#
#≈≈≈rr≈#
≈≈≈≈#
#≈≈≈#≈≈#
≈≈≈≈#
#≈≈≈≈#≈#
≈≈≈≈#
#≈≈≈≈≈≈#
≈≈≈≈#
#≈≈†≈≈≈#
≈≈≈≈#
#≈≈≈≈≈≈#
≈≈≈≈#
#≈≈≈≈≈≈#


You could see a river rat and 3 rats.

Vanquished Creatures
  An adder (D:2)
  4 river rats
  2 worms
  2 dart slugs
  2 leopard geckos (D:3)
  2 giant cockroaches (D:3)
  6 goblins (D:2)
  3 hobgoblins
  2 jackals (D:1)
  2 quokkas (D:2)
  A ball python (Sewer)
  4 bats
  5 frilled lizards
  2 kobolds (D:2)
  16 rats
54 creatures vanquished.

Notes
Turn   | Place    | Note
-------+----------+-------------------------------------------
     0 | D:1      | Quirk the Minotaur Fighter began the quest for the Orb.
     0 | D:1      | Reached XP level 1. HP: 19/19 MP: 0/0
   386 | D:1      | Reached XP level 2. HP: 27/27 MP: 1/1
   674 | D:2      | Reached XP level 3. HP: 33/33 MP: 2/2
   726 | D:2      | Reached skill level 1 in Dodging
   791 | D:2      | Found an iron altar of Okawaru.
   836 | D:2      | Became a worshipper of Warmaster Okawaru
  1207 | D:3      | Found a glowing drain.
  1220 | D:3      | Reached XP level 4. HP: 36/40 MP: 3/3
  1225 | Sewer    | Entered a sewer
  1313 | Sewer    | HP: 2/40 [river rat (3)]
  1315 | Sewer    | Slain by a river rat

Skill      XL: |  1  2  3 |
---------------+----------+-----
Armour         | 4 |  4.6
Shields        | 4 |  4.4
Fighting       | 4 |  4.3
Dodging        | 1 |  1.5
Axes           | |  2.9

Action                   |  1- 3 |  4- 6 || total
-------------------------+-------+-------++-------
Melee: War axe           |   103 |    28 ||   131
       Headbutt          |    13 |     6 ||    19
  Use: Potion            |       |     1 ||     1
  Eat: Chunk             |     1 |       ||     1
Armor: Scale mail        |    45 |    17 ||    62
Dodge: Dodged            |    38 |    12 ||    50
Block: Shield            |    47 |    24 ||    71
